 Dungeon Sprint DCSS version 0.23-a0-681-g26ad783 (webtiles) character file.

5641 Lanoc the Brawler (level 10, -2/113 HPs)
             Began as a Troll Monk on Jan 10, 2019.
             Was the Champion of Jiyva.
             Slain by a water moccasin (9 damage)
             ... in the Dungeon (Sprint IX: "|||||||||||||||||||||||||||||").
             The game lasted 00:04:19 (694 turns).

Lanoc the Brawler (Troll Monk)                       Turns: 694, Time: 00:04:19

Health: -2/113     AC:  8    Str: 23    XL:     10   Next: 46%
Magic:  9/9        EV: 18    Int:  6    God:    Jiyva [******]
Gold:   11         SH:  0    Dex: 13    Spells: 9/9 levels left

rFire    . . .     SeeInvis +     - Unarmed
rCold    . . .     Gourm    +   (no shield)
rNeg     . . .     Faith    .   a - +0 robe
rPois    .         Spirit   .   (helmet restricted)
rElec    .         Reflect  .   o - +0 cloak
rCorr    +         Harm     .   (gloves unavailable)
MR       .....     NoTele   +   (boots unavailable)
Stlth    ++........             (no amulet)
HPRegen  0.68/turn              p - +2 ring of protection
MPRegen  0.11/turn              q - +2 ring of evasion

@: lethally poisoned (-2 -> -2)
A: large, unfitting armour, claws 3, see invisible, fast metabolism 3, gourmand,
regeneration 1, shaggy fur 1, tough skin 2, subdued magic 3, MP-powered wands
a: Request Jelly, Slimify, Cure Bad Mutation, Renounce Religion


You were in the Dungeon.
You worshipped Jiyva.
Jiyva was exalted by your worship.
You were completely stuffed.

You visited 1 branch You collected 11 gold pieces.

Inventory:

Hand Weapons
 n - a +2 scimitar of flaming
Armour
 a - a +0 robe (worn)
 o - a +0 cloak (worn)
Jewellery
 p - a +2 ring of protection (left claw)
 q - a +2 ring of evasion (right claw)
Wands
 m - a wand of iceblast (10)
Scrolls
 h - 2 scrolls of blinking
 k - 4 scrolls of remove curse
 l - 2 scrolls of amnesia
 r - 2 scrolls of fog
 s - 2 scrolls of enchant weapon
 t - 2 scrolls of enchant armour
 u - a scroll of identify
Potions
 c - 5 potions of curing
 d - 5 potions of heal wounds
 e - a potion of haste
 f - 4 potions of magic
 g - a potion of resistance
 i - 2 potions of brilliance
 j - a potion of invisibility
Comestibles
 b - 2 rations
 v - 6 chunks of flesh


   Skills:
 + Level 11.0 Fighting
 + Level 11.0 Dodging
 - Level 1.0 Stealth
 * Level 17.0 Unarmed Combat


You had 9 spell levels left.
You didn't know any spells.
Your spell library was empty.

Dungeon Overview and Level Annotations

Branches:
Dungeon (1/1)

Altars:
Cheibriados
Dithmenos
Elyvilon
Fedhas
Gozag
Hepliaklqana
Kikubaaqudgha
Makhleb
Nemelex Xobeh
Okawaru
Qazlal
Ru
Sif Muna
Trog
Uskayaw
Vehumet
Wu Jian
Xom
Yredelemnul
Zin
The Shining One
Beogh
Jiyva
Lugonu


Innate Abilities, Weirdness & Mutations

You are too large for most types of armour.
You have claws for hands.
Your metabolism is lightning-fast.
You like to eat raw meat.
Your natural rate of healing is unusually fast.
You are covered in fur. (AC +1)
You have very tough skin. (AC +2)
You have supernaturally acute eyesight. (SInv)
Your spells are much easier to cast, but much less powerful.
You expend magic power (3 MP) to strengthen your wands.


Message History

The water moccasin barely misses you.
You closely miss the water moccasin.
The water moccasin is lightly wounded.
The water moccasin completely misses you.
You barely miss the water moccasin.
The water moccasin is lightly wounded.
The water moccasin bites you but does no damage.
You closely miss the water moccasin.
The water moccasin is lightly wounded.
You feel sick. The water moccasin closely misses you.
You barely miss the water moccasin.
The water moccasin is lightly wounded.
The water moccasin misses you.
You barely miss the water moccasin.
The water moccasin is lightly wounded.
The water moccasin misses you.
You barely miss the water moccasin.
The water moccasin is lightly wounded.
The water moccasin bites you!
You die...

▓▓▓▓▓▓▓▓▓▓▓▓▓▓▓▓▓▓▓▓▓▓▓▓▓▓▓▓▓▓▓▓▓
[)|..'_____________J__________'..
▓▓▓▓▓▓▓▓▓▓▓▓▓▓▓▓▓▓▓▓▓▓▓▓▓▓▓▓▓▓▓▓▓
.................................
▓▓▓▓▓▓▓▓▓▓▓▓▓▓▓▓▓▓▓▓▓▓▓▓▓▓▓▓▓▓▓▓▓
......S@........†......|
▓▓▓▓▓▓▓▓▓▓▓▓▓▓▓▓▓▓▓▓▓▓▓▓


You could see a water moccasin.

Vanquished Creatures
  A hydra (D)
  A centaur warrior (D)
  An unseen horror (D)
  2 ugly things (D)
  A black mamba (D)
  3 spiny frogs (D)
  2 hippogriffs (D)
  2 yaks (D)
  A basilisk (D)
  2 water moccasins (D)
  A porcupine (D)
  An ice beast (D)
  2 orc warriors (D)
  A centaur (D)
  A big kobold (D)
  A crocodile (D)
  4 bullfrogs (D)
  A quasit (D)
  An adder (D)
  A dart slug (D)
  An orc (D)
  2 hobgoblins (D)
  A quokka (D)
  A ball python skeleton (D)
  A frilled lizard (D)
  A kobold (D)
  A rat (D)
38 creatures vanquished.

Vanquished Creatures (others)
  A jelly (D)
1 creature vanquished.

Grand Total: 39 creatures vanquished

Notes
Turn   | Place    | Note
-------+----------+-------------------------------------------
     0 | D        | Lanoc the Troll Monk began the quest for the Orb.
     0 | D        | Reached XP level 1. HP: 22/22 MP: 0/0
    20 | D        | Reached skill level 4 in Unarmed Combat
   129 | D        | Noticed a centaur
   129 | D        | Noticed a quasit
   144 | D        | Killed a quasit
   144 | D        | Reached skill level 5 in Unarmed Combat
   144 | D        | Reached XP level 2. HP: 26/31 MP: 1/1
   144 | D        | Reached XP level 3. HP: 31/37 MP: 2/2
   152 | D        | Killed a centaur
   152 | D        | Reached skill level 7 in Unarmed Combat
   152 | D        | Reached XP level 4. HP: 17/49 MP: 3/3
   163 | D        | Found a roughly hewn altar of Beogh.
   163 | D        | Found a snail-covered altar of Cheibriados.
   163 | D        | Found a shadowy altar of Dithmenos.
   163 | D        | Found a white marble altar of Elyvilon.
   163 | D        | Found a blossoming altar of Fedhas.
   163 | D        | Found an opulent altar of Gozag.
   164 | D        | Found a hazy altar of Hepliaklqana.
   165 | D        | Found a viscous altar of Jiyva.
   166 | D        | Found an ancient bone altar of Kikubaaqudgha.
   167 | D        | Found a corrupted altar of Lugonu.
   168 | D        | Found a burning altar of Makhleb.
   169 | D        | Found a sparkling altar of Nemelex Xobeh.
   170 | D        | Found an iron altar of Okawaru.
   171 | D        | Found a stormy altar of Qazlal.
   172 | D        | Found a sacrificial altar of Ru.
   173 | D        | Became a worshipper of Jiyva Juwanun the Shapeless
   173 | D        | Reached * piety under Jiyva
   173 | D        | Reached ** piety under Jiyva
   174 | D        | Found a deep blue altar of Sif Muna.
   175 | D        | Found a bloodstained altar of Trog.
   176 | D        | Found a hide-covered altar of Uskayaw.
   177 | D        | Found a radiant altar of Vehumet.
   178 | D        | Found an ornate altar of the Wu Jian Council.
   179 | D        | Found a shimmering altar of Xom.
   180 | D        | Found a basalt altar of Yredelemnul.
   181 | D        | Found a glowing silver altar of Zin.
   182 | D        | Found a glowing golden altar of the Shining One.
   219 | D        | Noticed an orc warrior
   219 | D        | Noticed an orc warrior
   219 | D        | Noticed a big kobold
   219 | D        | Reached *** piety under Jiyva
   225 | D        | Gained mutation: You are agile. (Dex +2) [Jiyva's grace]
   225 | D        | Reached **** piety under Jiyva
   226 | D        | Killed an unseen horror
   226 | D        | Reached skill level 11 in Unarmed Combat
   226 | D        | Reached XP level 5. HP: 62/62 MP: 4/4
   226 | D        | Reached XP level 6. HP: 71/71 MP: 5/5
   226 | D        | Reached XP level 7. HP: 78/78 MP: 6/6
   238 | D        | Reached skill level 12 in Unarmed Combat
   301 | D        | Noticed a green ugly thing
   301 | D        | Noticed a centaur warrior
   301 | D        | Noticed a hippogriff
   301 | D        | Noticed a green ugly thing
   310 | D        | Killed a green ugly thing
   310 | D        | Reached skill level 13 in Unarmed Combat
   310 | D        | Reached XP level 8. HP: 69/88 MP: 7/7
   313 | D        | Killed a hippogriff
   324 | D        | Killed a centaur warrior
   324 | D        | Reached skill level 14 in Unarmed Combat
   324 | D        | Reached XP level 9. HP: 46/98 MP: 8/8
   329 | D        | Killed a green ugly thing
   587 | D        | Noticed a spiny frog
   588 | D        | Noticed a black mamba
   591 | D        | Reached skill level 15 in Unarmed Combat
   592 | D        | Noticed a spiny frog
   606 | D        | Killed a spiny frog
   606 | D        | Reached skill level 10 in Fighting
   606 | D        | Reached skill level 10 in Dodging
   609 | D        | Killed a black mamba
   612 | D        | Killed a spiny frog
   612 | D        | Reached XP level 10. HP: 94/110 MP: 9/9
   615 | D        | Reached skill level 16 in Unarmed Combat
   635 | D        | Gained mutation: Your spells are a little easier to cast,
                  | but a little less powerful. [Jiyva's grace]
   635 | D        | Reached ***** piety under Jiyva
   642 | D        | Gained mutation: You expend magic power (3 MP) to
                  | strengthen your wands. [Jiyva's grace]
   642 | D        | Gained mutation: Your spells are easier to cast, but less
                  | powerful. [Jiyva's grace]
   642 | D        | Gained mutation: Your spells are much easier to cast, but
                  | much less powerful. [Jiyva's grace]
   643 | D        | Reached ****** piety under Jiyva
   643 | D        | Lost mutation: You are agile. (Dex +2) [Jiyva's grace]
   647 | D        | Gained mutation: You are somewhat resistant to further
                  | mutation. [Jiyva's grace]
   651 | D        | Lost mutation: You are somewhat resistant to further
                  | mutation. [Jiyva's grace]
   652 | D        | Noticed a spiny frog
   654 | D        | Gained mutation: You possess an exceptional clarity of
                  | mind. [Jiyva's grace]
   658 | D        | Noticed a six-headed hydra
   663 | D        | Lost mutation: You possess an exceptional clarity of mind.
                  | [Jiyva's grace]
   669 | D        | Killed a spiny frog
   673 | D        | Gained mutation: You have supernaturally acute eyesight.
                  | (SInv) [Jiyva's grace]
   680 | D        | Killed a one-headed hydra
   686 | D        | HP: 5/111 [yak (4)]
   687 | D        | Reached skill level 17 in Unarmed Combat
   694 | D        | Slain by a water moccasin

Vault maps used:
D:        linesprint

Skill      XL: |  1  2  3  4  5  6  7  8  9 10 |
---------------+-------------------------------+-----
Unarmed Combat | 5 7 11 13 14 15 17 | 17.0
Fighting       | 3 4 7 8 9 10 11 | 11.0
Dodging        | 3 4 7 8 9 10 11 | 11.0
Stealth        | |  1.0

Action                   |  1- 3 |  4- 6 |  7- 9 | 10-12 || total
-------------------------+-------+-------+-------+-------++-------
Melee: Unarmed           |    38 |     8 |    70 |    36 ||   152
       Punch             |     1 |     1 |     4 |     3 ||     9
       Scimitar          |       |       |       |     7 ||     7
  Use: Potion            |       |     2 |     1 |       ||     3
  Eat: Chunk             |     1 |       |     9 |     1 ||    11
Armor: Robe              |    20 |     1 |     8 |     7 ||    36
Dodge: Dodged            |    21 |     5 |    27 |    26 ||    79
       Rpst.: Scimitar   |       |       |       |     1 ||     1

Table legend:
 A = Non-vault XP
 B = Vault XP
 C = Vault XP percentage of total XP
 D = Non-vault monster count
 E = Vault monster count
 F = Vault count percentage of total count
                 A         B        C        D         E       F
            +---------+---------+-------+---------+---------+-------
      Total |       0 |    8059 | 100.0 |       0 |      38 | 100.0
            +---------+---------+-------+---------+---------+-------
          D |       0 |    8059 | 100.0 |       0 |      38 | 100.0
            +---------+---------+-------+---------+---------+-------
